 Dungeon Sprint DCSS version 0.22-a0-354-g30dfbe6 (webtiles) character file.

53 Kikal the Sneak (level 3, -4/15 HPs)
             Began as a Felid Transmuter on Apr 16, 2018.
             Slain by a water elemental (19 damage)
             ... in the Dungeon (Sprint III: "The Ten Rune Challenge").
             The game lasted 00:02:57 (454 turns).

Kikal the Sneak (Felid Transmuter)                   Turns: 454, Time: 00:02:58

Health: -4/15      AC:  2    Str:  6    XL:     3   Next: 62%
Magic:  4/7        EV: 21    Int: 15    God:
Gold:   17         SH:  0    Dex: 21    Spells: 0/6 levels left
                                        Lives:  0   Deaths: 0

rFire    . . .     SeeInvis +     - Unarmed
rCold    . . .     Gourm    .   (shield unavailable)
rNeg     . . .     Faith    .   (armour unavailable)
rPois    x         Spirit   .   (helmet unavailable)
rElec    .         Reflect  .   (cloak unavailable)
rCorr    .         Harm     .   (gloves unavailable)
MR       +....     NoTele   +   (boots unavailable)
Stlth    ++++......             (no amulet)
HPRegen  0.05/turn              (no ring)
MPRegen  0.10/turn              (no ring)

@: spider-form
A: tiny, no armour, no weapons or thrown items, stealth, see invisible,
carnivore, deterioration 1, magic resistance 1, slow metabolism 1
a: End Transformation


You were in the Dungeon.
You were not hungry.
You were a venomous arachnid creature.
You visited 1 branch You collected 17 gold pieces.

Inventory:

Missiles
 a - 11 arrows
Scrolls
 d - 2 scrolls of torment {unknown}
 h - 3 scrolls of remove curse {unknown}
 i - a scroll of blinking
 k - 2 scrolls of identify
Potions
 e - a potion of heal wounds
 f - a potion of haste
 g - 2 potions of magic
 j - 4 potions of flight
 l - 3 potions of mutation
Comestibles
 b - a chunk of flesh
 c - 3 rations


   Skills:
 - Level 1.0 Fighting
 - Level 2.6 Dodging
 + Level 5.8 Stealth
 + Level 5.1 Unarmed Combat
 - Level 2.0 Spellcasting
 - Level 5.0 Transmutations


You couldn't memorise any spells.
You knew the following spells:

 Your Spells              Type           Power        Failure   Level  Hunger
a - Beastly Appendage     Tmut           ###...       10%         1    #......
b - Sticks to Snakes      Tmut           ###.....     13%         2    ###....
c - Spider Form           Tmut/Pois      #.........   45%         3    ###....


Dungeon Overview and Level Annotations

Branches:
Dungeon (1/1)

Altars:


Innate Abilities, Weirdness & Mutations

You cannot wear armour.
You are incapable of wielding weapons or throwing items.
Your paws allow you to move quietly. (Stealth)
((You have sharp claws.))
((You have razor-sharp teeth.))
You have supernaturally acute eyesight. (SInv)
You are carnivorous and can eat meat at any time.
((You cover ground quickly.))
((You are covered in fur. (AC +1)))
You have a slow metabolism.
((Your sharp claws are effective at attacking unaware monsters.))
((You are partially covered in molten scales. (AC +2)))
Your body sometimes deteriorates upon taking damage.
((Your flesh is heat resistant. (rF+)))
You are resistant to hostile enchantments. (MR+)


Message History

Molten scales grow over part of your body.
You can't grasp things well enough to throw them.
You feel extremely strange.
You feel stronger.
You no longer feel heat resistant.
You feel resistant to hostile enchantments.
You feel resistant to heat.
There is an open door here.
MP restored: 7
Things that are here:
a quarterstaff of chaos; a runed cloak; the gnoll skeleton of Crazy Yiuf
Casting: Sticks to Snakes (safe; 4% risk of failure)
You turn into a venomous arachnid creature.
You now have 4/7 mp.
You open the door.
A water elemental comes into view.
There is an open door to the Ecumenical Temple here.
You pounce on the unaware helpless water elemental!
You hit the water elemental. The water elemental hits you!!
Ouch! That really hurt!
You die...

▓▓▓▓▓▓▓▓▓▓ ▓▓▓
#..'.....♣ ♣.#
#..#.....♣ ♣♣.#
####....♣♣ ♣..#
...#....≈♣♣♣♣..###+#+###
...#...≈≈♣.♣♣..#........
...#..≈≈≈≈.♣♣..'sE......
##'#..≈≈≈≈≈≈.♣.#...#####
...#.≈≈≈≈≈≈....#.⌠.#
...#.≈≈≈≈≈.....#...#
...#)≈≈≈.......#+###
####...........#
...............#
▓▓▓▓▓▓▓▓▓▓▓▓▓▓▓▓


You could see a water elemental.

Vanquished Creatures
  Crazy Yiuf (D)
  A human (D)
  An ooze (D)
  3 rats (D)
6 creatures vanquished.

Vanquished Creatures (others)
  2 draconian scorchers (D)
  6 hellions (D)
  A yaktaur (D)
  4 plants (D)
13 creatures vanquished.

Grand Total: 19 creatures vanquished

Notes
Turn   | Place    | Note
-------+----------+-------------------------------------------
     0 | D        | Kikal the Felid Transmuter began the quest for the Orb.
     0 | D        | Reached XP level 1. HP: 9/9 MP: 4/4
   101 | D        | Killed a hellion
   101 | D        | Killed a hellion
   102 | D        | Killed a hellion
   103 | D        | Killed a hellion
   148 | D        | Killed a hellion
   154 | D        | Killed a white draconian scorcher
   202 | D        | Killed a white draconian scorcher
   259 | D        | Killed a yaktaur
   310 | D        | Killed a hellion
   334 | D        | Reached XP level 2. HP: 12/12 MP: 3/6
   361 | D        | Noticed Crazy Yiuf
   369 | D        | Learned a level 2 spell: Sticks to Snakes
   387 | D        | Killed Crazy Yiuf
   387 | D        | Reached skill level 5 in Stealth
   387 | D        | Reached skill level 5 in Unarmed Combat
   387 | D        | Reached skill level 5 in Transmutations
   387 | D        | Reached XP level 3. HP: 8/15 MP: 2/7
   403 | D        | Learned a level 3 spell: Spider Form
   425 | D        | Gained mutation: Your flesh is heat resistant. (rF+) [potion of mutation]
   425 | D        | Gained mutation: Your body sometimes deteriorates upon taking damage. [potion of mutation]
   425 | D        | Gained mutation: You are weak. (Str -2) [potion of mutation]
   425 | D        | Gained mutation: You are partially covered in molten scales. (AC +2) [potion of mutation]
   426 | D        | Lost mutation: You are weak. (Str -2) [potion of mutation]
   426 | D        | Lost mutation: Your flesh is heat resistant. (rF+) [potion of mutation]
   426 | D        | Gained mutation: You are resistant to hostile enchantments. (MR+) [potion of mutation]
   426 | D        | Gained mutation: Your flesh is heat resistant. (rF+) [potion of mutation]
   451 | D        | Noticed a water elemental
   454 | D        | Slain by a water elemental

Vault maps used:
D:        dungeon_sprint_mu

Skill      XL: |  1  2 |
---------------+-------+-----
Stealth        | 4 5 |  5.8
Transmutations | 4 5 |  5.0
Unarmed Combat | 4 5 |  5.1
Fighting       | |  1.0
Dodging        | |  2.6
Spellcasting   | |  2.0

Action                   || total
-------------------------++-------
Melee: Unarmed           ||    22
       Bite              ||     4
       Punch             ||     1
       Headbutt          ||     1
 Cast: Beastly Appendage ||     2
       Sticks to Snakes  ||     1
       Spider Form       ||     1
  Use: Potion            ||     4
 Stab: Sleeping          ||     2
  Eat: Chunk             ||     2
Armor: Skin              ||     4
Dodge: Dodged            ||    13

Table legend:
 A = Spawn XP
 B = Non-spawn XP
 C = Spawn XP percentage of total XP
 D = Spawn monster count
 E = Non-spawn monster count
 F = Spawn count percentage of total count
 G = Total turns spent on level
                    A         B        C        D         E        F      G
               +---------+---------+-------+---------+---------+-------+---------
         Total |       0 |      76 |   0.0 |       0 |       6 |   0.0 |   454
               +---------+---------+-------+---------+---------+-------+---------
             D |       0 |      76 |   0.0 |       0 |       6 |   0.0 |   454
               +---------+---------+-------+---------+---------+-------+---------
